 Dungeon Crawl Stone Soup version 0.28-a0-653-g7e9dba17c3 (webtiles) character file.

Game seed: 9421817848506719117

211 DungeonMaster the Ducker (level 5, 0/41 HPs)
             Began as a Demonspawn Wanderer on Oct 12, 2021.
             Slain by a hound (4 damage)
             ... on level 4 of the Dungeon.
             The game lasted 00:05:25 (3456 turns).

DungeonMaster the Ducker (Demonspawn Wanderer)      Turns: 3456, Time: 00:05:25

Health: 0/41       AC:  6    Str: 11    XL:     5   Next: 57%
Magic:  5/5        EV:  7    Int: 11    God:
Gold:   118        SH: 12    Dex: 17    Spells: 4/4 levels left

rFire   . . .      SeeInvis .   a - +2 short sword
rCold   . . .      Faith    .   t - +0 tower shield
rNeg    . . .      Spirit   .   d - +0 ring mail
rPois   .          Reflect  .   k - +0 helmet
rElec   .          Harm     .   (no cloak)
rCorr   .          Rampage  .   (no gloves)
Will    .....                   (no boots)
Stlth   ++........              (no amulet)
HPRegen 0.13/turn               (no ring)
MPRegen 0.09/turn               (no ring)

@: hasted, very quick
A: demonic magic 1
a: no special abilities


You were on level 4 of the Dungeon.
You visited 1 branch of the dungeon, and saw 4 of its levels.

You collected 118 gold pieces.

Inventory:

Hand Weapons
 a - a +2 short sword (weapon)
Missiles
 i - 4 boomerangs (quivered)
 m - 15 poisoned darts
 n - 17 bolts
 p - 11 sling bullets
Armour
 d - a +0 ring mail (worn)
 k - a +0 helmet (worn)
 t - a +0 tower shield (worn)
Scrolls
 c - 2 scrolls of teleportation
 g - 3 scrolls of enchant weapon {unknown}
 h - 3 scrolls of identify {unknown}
 r - a scroll of acquirement {unknown}
Potions
 e - 2 potions of flight {unknown}
 j - a potion of attraction {unknown}
 q - a potion of heal wounds {unknown}


   Skills:
 * Level 3.1 Fighting
 - Level 2.6 Short Blades
 * Level 2.2 Armour
 * Level 3.3 Dodging
 - Level 2.6 Stealth
 * Level 1.8 Shields


You had 4 spell levels left.
You didn't know any spells.
Your spell library contained the following spells:

 Spells                   Type           Power      Damage    Failure   Level
 Sublimation of Blood     Necr           0%         N/A       100%        2
 Wereblood                Tmut           0%         N/A       100%        2
 Gell's Gravitas          Tloc           0%         N/A       100%        3
 Lesser Beckoning         Tloc           0%         N/A       100%        3
 Teleport Other           Tloc           0%         N/A       100%        3
 Summon Hydra             Summ           0%         N/A       100%        7


Dungeon Overview and Level Annotations

Branches:
Dungeon (4/15)
 Temple: D:4-7

Altars:

Shops:
D:3 =


Innate Abilities, Weirdness & Mutations

Spells you cast may paralyse adjacent enemies.


Message History

The orc priest is lightly wounded.
The orc barely misses you.
The orc priest hits you but does no damage.
You hit the orc priest but do no damage.
The orc priest is lightly wounded.
The orc barely misses you. You block the orc priest's attack.
You hit the orc priest.
The orc priest is lightly wounded.
The orc hits you but does no damage.
The orc priest hits you with a +0 hand axe.
You hit the orc priest.
The orc priest is heavily wounded.
The orc hits you but does no damage. You block the orc priest's attack.
You hit the orc priest.
The orc priest is severely wounded.
The orc hits you with a +0 mace.
* * * LOW HITPOINT WARNING * * *
The orc priest miscasts a cantrip.
You block the orc's attack.
You hit the orc priest.
You kill the orc priest!
The hound bites you.
* * * LOW HITPOINT WARNING * * *
You hit the hound.
The hound is lightly wounded.
The orc hits you with a +0 mace.
* * * LOW HITPOINT WARNING * * *
The hound barely misses you. The hound bites you.
* * * LOW HITPOINT WARNING * * *
You block the orc's attack.
You hit the hound.
The hound is moderately wounded.
You block the hound's attack.
You miss the hound.
The hound is moderately wounded.
You block the orc's attack. The hound closely misses you.
You hit the hound.
The hound is heavily wounded.
The hound bites you.
You die...

.. #....................
..... #...................
..... ###................##
...>.##................####
........#....##........#..
.........#....###..........
#.. #.........#.........#.#
.....#...o).)....##.#####.#
.........h@......##..####..
.......#.##................
........##................#
........ #......#.......###
........ #......#..........
........ ...#..........)..|
...............##..........
......#.......###......###.
....### #.......#### ##


You could see a hound and an orc.

Vanquished Creatures
  An orc priest (D:4)
  A bullfrog skeleton (D:3)
  A centaur skeleton (D:4)
  A gnoll (D:1)
  2 adders
  A worm (D:2)
  A dart slug (D:3)
  7 orcs
  7 bats
  8 endoplasms
  8 giant cockroaches
  3 goblins
  5 hobgoblins
  6 jackals
  5 kobolds
  3 quokkas
  12 ball pythons
  5 frilled lizards
  4 rats
81 creatures vanquished.

Notes
Turn   | Place    | Note
-------+----------+-------------------------------------------
     0 | D:1      | DungeonMaster the Demonspawn Wanderer began the quest for
                  | the Orb.
     0 | D:1      | DungeonMaster set off with the following items: a +2 short
                  | sword, a potion of curing, a scroll of teleportation, a +0
                  | robe, a +0 dagger
     0 | D:1      | Reached XP level 1. HP: 15/15 MP: 1/1
   440 | D:1      | Gained mutation: Spells you cast may paralyse adjacent
                  | enemies. [demonic ancestry]
   440 | D:1      | Reached XP level 2. HP: 21/21 MP: 2/2
  1022 | D:1      | Reached XP level 3. HP: 16/27 MP: 3/3
  1366 | D:1      | Reached skill level 1 in Armour
  1844 | D:2      | Reached XP level 4. HP: 30/34 MP: 4/4
  2526 | D:3      | Found Xid Tade's Jewellery Shoppe.
  2950 | D:3      | Reached XP level 5. HP: 40/40 MP: 5/5
  3456 | D:4      | Slain by a hound

Illustrated notes

Levels and vault maps discovered:
D:1:      dpeg_arrival_pond, layout_basic
D:2:      layout_loops_corners, kennysheep_generic_room_5
D:3:      layout_basic, serial_shops, shop, kennysheep_generic_room_14
D:4:      layout_cave_pools, mainiacjoe_overflow_six_doors_small,
          kennysheep_generic_room_13

Skill      XL: |  1  2  3  4  5 |
---------------+----------------+-----
Dodging        | 2 3 |  3.3
Fighting       | 2 3 |  3.1
Armour         | 1 2 |  2.2
Short Blades   | |  2.6
Stealth        | |  2.6
Shields        | |  1.8

Action                   |  1- 3 |  4- 6 || total
-------------------------+-------+-------++-------
Melee: Short sword       |   138 |   126 ||   264
  Use: Scroll            |     1 |       ||     1
       Potion            |       |     2 ||     2
 Stab: Sleeping          |     6 |     3 ||     9
Armor: Robe              |     8 |       ||     8
       Ring mail         |    40 |    45 ||    85
Dodge: Dodged            |    87 |    59 ||   146
Block: Tower shield      |       |    60 ||    60

Table legend: (Time is in decaauts)
 A = Elapsed time spent in this place.
 B = Non-inter-level travel time spent in this place.
 C = Inter-level travel time spent in this place.
 D = Time resting spent in this place.
 E = Time spent auto-exploring this place.
 F = Levels seen in this place.
 G = Mean time per level.
                   A        B        C        D        E       F      G
               +--------+--------+--------+--------+--------+-----+--------+
         Total |   3479 |   3363 |    116 |    744 |   1899 |   4 |  869.8 |
       Dungeon |   3479 |   3363 |    116 |    744 |   1899 |   4 |  869.8 |
               +--------+--------+--------+--------+--------+-----+--------+

Top non-repeatable levels by time:
     D:1: 1310 daAuts
     D:3: 1048 daAuts
     D:2: 966 daAuts
     D:4: 153 daAuts
